 Dungeon Crawl Stone Soup version 0.32-a0-43-g058985b245 (webtiles) character file.

Game seed: 14203668419148072466

149 seren the Ruffian (level 5, 0/39 HPs)
             Began as a Demonspawn Shapeshifter on Feb 4, 2024.
             Was an Initiate of Wu Jian.
             Slain by a scorpion (4 damage)
             ... on level 4 of the Dungeon.
             The game lasted 00:05:21 (2349 turns).

seren the Ruffian (Demonspawn Shapeshifter)         Turns: 2349, Time: 00:05:23

Health: 0/39       AC:  3    Str: 16    XL:     5   Next: 9%
Magic:  5/5        EV: 12    Int: 10    God:    Wu Jian [......]
Gold:   93         SH:  0    Dex: 13    Spells: 4/4 levels left

rFire   . .          .
                       - Unarmed
rCold   + . .        (no shield)
rNeg    . . .        j - +0 leather armour {rC+}
rPois   .            (helmet currently unavailable)
rElec   .            (cloak currently unavailable)
rCorr   .            (gloves unavailable)
SInv    .            (boots currently unavailable)
Will    .....        (no amulet)
Stlth   +            (no ring)
HPRegen 0.26/turn    (no ring)
MPRegen 0.09/turn

%: no passive effects
@: mighty, beast-form
A: beast (slay +1), powered by pain 1, demonic touch 3
a: Begin Untransformation, Renounce Religion


You were on level 4 of the Dungeon.
You worshipped Wu Jian.
Wu Jian was noncommittal.
You were a hulking beast.
You visited 1 branch of the dungeon, and saw 4 of its levels.

You collected 93 gold pieces.

Inventory:

Missiles
 g - 5 poisoned darts (quivered)
Armour
 j - a +0 leather armour of cold resistance (worn)
Talismans
 c - a beast talisman
 d - a flux talisman
Scrolls
 e - 5 scrolls of identify {unknown}
 f - 2 scrolls of amnesia {unknown}
 h - a scroll of summoning {unknown}
 k - a scroll of noise {unknown}
 m - a scroll of immolation {unknown}
Potions
 a - 2 potions of curing
 b - 3 potions of lignification
 l - a potion of brilliance {unknown}
 n - a potion of cancellation {unknown}


   Skills:
 + Level 2.3 Fighting
 + Level 2.6 Dodging
 * Level 3.9 Unarmed Combat
 + Level 3.2 Shapeshifting


You had 4 spell levels left.
You didn't know any spells.
Your spell library contained the following spells:

 Spells                   Type           Power      Damage    Failure   Level
 Sublimation of Blood     Necr           0%         N/A       56%         2
 Petrify                  Alch/Erth      0%         N/A       99%         4
 Vhi's Electric Charge    Tloc/Air       0%         N/A       99%         4
 Arcjolt                  Conj/Air       0%         1d10      100%        5
 Irradiate                Conj/Alch      0%         3d11      100%        5
 Plasma Beam              Fire/Air       0%         2x1d10    100%        6


Dungeon Overview and Level Annotations

Branches:
Dungeon (4/15)
 Temple: D:4-7

Altars:
Wu Jian

Annotations:
D:3 Natasha


Innate Abilities, Weirdness & Mutations

You are a hulking beast.
Your limbs bulge with bestial killing power. (Slay +1)
You sometimes gain a little power by taking damage.
Your touch may irresistibly damage your foes and sap their willpower.


Message History

You punch the orc.
The orc is severely wounded.
The orc hits you with a +0 short sword.
You barely miss the orc. You punch the orc.
You kill the orc!
The Council accepts your kill.
The orc priest invokes the aid of Beogh against you.
Beogh smites you!
* * * LOW HITPOINT WARNING * * *
You focus on the pain.
You feel very mighty all of a sudden.
The orc wizard casts a spell.
The orc wizard flickers and vanishes!
Deactivating autopickup; reactivate with Ctrl-A.
You punch the orc!
You kill the orc!
The Council accepts your kill.
A magic dart appears from out of thin air!
The magic dart hits you!
* * * LOW HITPOINT WARNING * * *
A puff of flame appears from out of thin air!
The puff of flame hits you.
* * * LOW HITPOINT WARNING * * *
The orc priest casts a cantrip, but nothing happens.
Something tries to affect you, but you resist.
A magic dart appears from out of thin air!
The magic dart hits you!
* * * LOW HITPOINT WARNING * * *
A magic dart appears from out of thin air!
The magic dart hits you.
* * * LOW HITPOINT WARNING * * *
There is a stone staircase leading down here.
You climb downwards.
Reactivating autopickup.
The gnoll shouts!
Found 17 gold pieces.
There is a stone staircase leading up here.
The gnoll shouts! x2
The scorpion stings you.
You die...

####+####
#.......#
#.⌠...⌠g#
#.......#
#.g...⌠.#
#....g..#
#.⌠.s.⌠$#
#...h...#
#########


You could see a scorpion and 3 gnolls.

Vanquished Creatures
  A bullfrog (D:3)
  3 adders
  A dart slug (D:2)
  3 orcs (D:3)
  An endoplasm (D:2)
  2 giant cockroaches
  3 goblins
  6 hobgoblins
  4 jackals (D:3)
  6 ball pythons
  6 bats
  2 frilled lizards
  7 kobolds
  11 rats
56 creatures vanquished.

Notes
Turn   | Place    | Note
-------+----------+-------------------------------------------
     0 | D:1      | seren the Demonspawn Shapeshifter began the quest for the
                  | Orb.
     0 | D:1      | Reached XP level 1. HP: 15/15 MP: 1/1
   260 | D:1      | Gained mutation: Your touch may inflict minor irresistible
                  | damage on your foes. [demonic ancestry]
   260 | D:1      | Reached XP level 2. HP: 21/21 MP: 2/2
  1212 | D:2      | Gained mutation: Your touch may inflict irresistible damage
                  | on your foes. [demonic ancestry]
  1212 | D:2      | Reached XP level 3. HP: 7/26 MP: 3/3
  1824 | D:3      | Gained mutation: Your touch may irresistibly damage your
                  | foes and sap their willpower. [demonic ancestry]
  1824 | D:3      | Reached XP level 4. HP: 21/33 MP: 4/4
  1992 | D:3      | Found an ornate altar of the Wu Jian Council.
  2002 | D:3      | Became a worshipper of the Wu Jian Council
  2045 | D:3      | Noticed Natasha
  2118 | D:3      | Noticed a bullfrog
  2129 | D:3      | Killed a bullfrog
  2130 | D:3      | Gained mutation: You sometimes gain a little power by
                  | taking damage. [demonic ancestry]
  2130 | D:3      | Reached XP level 5. HP: 22/38 MP: 5/5
  2349 | D:4      | Slain by a scorpion

Illustrated notes

Levels and vault maps discovered:
D:1:      dpeg_arrival_central, layout_basic
D:2:      layout_basic, kennysheep_boxes
D:3:      layout_loops_cross, nicolae_wu_jian_wuxing_cycle, uniq_natasha
D:4:      layout_loops_ring, yredelemnul_altar_generic, bloody_makhleb,
          chequers_arboretum, serial_park_tiny_1, grunt_ministairs_3

Skill      XL: |  1  2  3  4 |
---------------+-------------+-----
Dodging        | 2 |  2.6
Unarmed Combat | 3 |  3.9
Shapeshifting  | 3 |  3.2
Fighting       | 2 |  2.3

Action                     |  1- 3 |  4- 6 || total
---------------------------+-------+-------++-------
  Melee: Unarmed           |   102 |    29 ||   131
         Touch             |    11 |     4 ||    15
         Punch             |     1 |     2 ||     3
Ability: Lunge             |       |     4 ||     4
    Use: Potion            |     2 |       ||     2
 Armour: Animal skin       |    46 |       ||    46
         Leather armour    |    16 |    25 ||    41
  Dodge: Dodged            |    76 |    10 ||    86

Table legend: (Time is in decaauts)
 A = Elapsed time spent in this place.
 B = Non-inter-level travel time spent in this place.
 C = Inter-level travel time spent in this place.
 D = Time resting spent in this place.
 E = Time spent auto-exploring this place.
 F = Levels seen in this place.
 G = Mean time per level.
                   A        B        C        D        E       F      G
               +--------+--------+--------+--------+--------+-----+--------+
         Total |   2346 |   2158 |    188 |    220 |   1386 |   4 |  586.5 |
       Dungeon |   2346 |   2158 |    188 |    220 |   1386 |   4 |  586.5 |
               +--------+--------+--------+--------+--------+-----+--------+

Top non-repeatable levels by time:
     D:2: 882 daAuts
     D:1: 846 daAuts
     D:3: 615 daAuts
     D:4: 0 daAuts
